 Dungeon Crawl Stone Soup version 0.30-a0-989-g0d87f670db (webtiles) character file.

Game seed: 1783152194848176094

32979 bearlyready the Severer (level 13, 0/177 HPs)
             Began as an Armataur Berserker on Apr 3, 2023.
             Was a High Priest of Trog.
             Slain by a demonic crawler (12 damage)
             ... on level 14 of the Dungeon on Apr 4, 2023.
             The game lasted 00:20:52 (14298 turns).

bearlyready the Severer (Armataur Berserker)       Turns: 14298, Time: 00:20:52

Health: 0/177      AC: 15    Str: 23    XL:     13   Next: 34%
Magic:  13/13      EV:  9    Int: 12    God:    Trog [*****.]
Gold:   684        SH:  5    Dex: 12    Spells: 12/12 levels left

rFire   . . .      SeeInvis .    X - +1 battleaxe (freeze)
rCold   . . .      Faith    .    (shield currently unavailable)
rNeg    . . .      Spirit   .    l - +0 acid dragon scales
rPois   .          Reflect  +    b - +0 helmet
rElec   .          Roll     +    (no cloak)
rCorr   +                        U - +0 pair of gloves
Will    .....                    (no barding) Stlth
                                 t - amulet of reflection
HPRegen 0.49/turn                c - +4 ring of protection
MPRegen 0.13/turn                w - +4 ring of slaying

@: berserking, slowed
A: large, rugged brown scales 3, deformed body, armoured tail, roll, long
tongue, awkward tongue, agile 1, clever 1, weak 1
a: Renounce Religion, Berserk, Trog's Hand, Brothers in Arms


You were on level 14 of the Dungeon.
You worshipped Trog.
Trog was extremely pleased with you.
You visited 1 branch of the dungeon, and saw 14 of its levels.

You collected 684 gold pieces.

Inventory:

Hand Weapons
 J - a +2 heavy war axe
 X - a +1 battleaxe of freezing (weapon)
Missiles
 d - 5 javelins
 o - 41 poisoned darts (quivered)
 L - 6 curare-tipped darts
 M - 5 silver javelins
 R - a boomerang of dispersal
 S - 9 boomerangs
Armour
 b - a +0 helmet (worn)
 l - +0 acid dragon scales (worn)
 A - a +0 plate armour
 C - +0 ice dragon scales
 U - a +0 pair of gloves (worn)
Jewellery
 c - a +4 ring of protection (left hand)
 t - an amulet of reflection (around neck)
 w - a +4 ring of slaying (right hand)
 H - a +6 ring of intelligence
 K - the ring of Ratum {EV+5 Int+3}
   (You found it on level 6 of the Dungeon)

   [ring of evasion]

   EV:        It affects your evasion (+5).
   Int:       It affects your intelligence (+3).
Wands
 a - a wand of charming (5)
 z - a wand of iceblast (2)
Scrolls
 g - 2 scrolls of poison
 h - 3 scrolls of magic mapping
 q - 2 scrolls of noise {unknown}
 s - 3 scrolls of summoning
 v - a scroll of fog {unknown}
 x - 3 scrolls of amnesia
 y - 4 scrolls of brand weapon
 B - 4 scrolls of teleportation
 D - 2 scrolls of immolation {unknown}
 E - 2 scrolls of blinking {unknown}
 G - 4 scrolls of vulnerability {unknown}
 N - a scroll of fear
 O - 2 scrolls of torment
 V - a scroll of acquirement {unknown}
 W - 2 scrolls of enchant armour {unknown}
Potions
 e - a potion of haste {unknown}
 f - a potion of flight
 i - 4 potions of curing
 j - 2 potions of attraction
 k - 3 potions of ambrosia
 m - 5 potions of brilliance
 n - a potion of degeneration {unknown}
 p - 3 potions of berserk rage
 r - a potion of invisibility {unknown}
 u - 2 potions of heal wounds
 F - 2 potions of mutation
 I - 4 potions of lignification
 Q - 3 potions of cancellation


   Skills:
 + Level 9.0 Fighting
 + Level 15.8 Axes
 - Level 4.0 Throwing
 + Level 10.0 Armour
 - Level 1.3 Dodging
 - Level 3.1 Evocations


You had 12 spell levels left.
You didn't know any spells.
Your spell library was empty.

Dungeon Overview and Level Annotations

Branches:
Dungeon (13/15)            Temple (0/1) D:5            Lair (0/5) D:8
    Orc (0/2) D:11         Vaults (0/5) D:13

Altars:
Gozag
Sif Muna
Trog
Wu Jian

Shops:
D:1 !   D:6 :(:(


Innate Abilities, Weirdness & Mutations

You are completely covered in rugged brown scales. (AC +3, +7% HP)
Armour fits poorly on your strangely shaped body.
You have a long armoured tail.
You roll when moving toward enemies. (Rampage)
Your long tongue fully drains potion bottles. (2x potion effects)
Your tongue gives you trouble enunciating. (1.5x scroll delay)
You are agile. (Dex +4, Str/Int -1)
Your mind is acute. (Int +4, Str/Dex -1)
You are weak. (Str -2)


Message History

A torpor snail comes into view.
Being near the torpor snail leaves you feeling lethargic.
You hit the demonic crawler. You freeze the demonic crawler.
The demonic crawler is almost dead.
You closely miss the swamp worm.
The swamp worm bites you but does no damage.
The demonic crawler hits you.
* * * LOW HITPOINT WARNING * * *
The demonic crawler hits you.
* * * LOW HITPOINT WARNING * * *
The demonic crawler barely misses you.
You miss the swamp worm.
The swamp worm is severely wounded.
You closely miss the swamp worm. You barely miss the demonic crawler.
The swamp worm bites you!
* * * LOW HITPOINT WARNING * * *
The demonic crawler completely misses you.
The demonic crawler closely misses you.
The demonic crawler hits you but does no damage.
The swamp worm barely misses you. x2
You are too berserk!
You slash the swamp worm! You freeze the swamp worm.
Your tail-slap misses the swamp worm.
The swamp worm is almost dead.
You slash the swamp worm! You freeze the swamp worm.
You kill the swamp worm!
Trog accepts your kill.
You hit the demonic crawler. You freeze the demonic crawler.
The demonic crawler hits you but does no damage.
The demonic crawler hits you!
* * * LOW HITPOINT WARNING * * *
You block the demonic crawler's attack. The swamp worm closely misses you.
Your Armour skill increases to level 10!
You slash the swamp worm! You freeze the swamp worm.
You kill the swamp worm!
Trog accepts your kill.
You slash the demonic crawler! You freeze the demonic crawler.
The demonic crawler hits you but does no damage. x2
The demonic crawler hits you!
You die...

#....).......#
#.###)########
#.# #)#######
#.# #........
#.###..######
#.#..†.#####
#..~~~~~...#
)...~~≈~≈~~#.###
..~~~~###~~s@..#
#~~≈## ###~†~.#
.~~~ ##≈~.....
#~~ #~~.####
#w~.# ≈~~.#
~~### #.#


You could see a torpor snail and a demonic crawler.

Vanquished Creatures
  Rupert (D:12)
  An ogre mage (D:13)
  A catoblepas (D:13)
  5 two-headed ogres
  3 boulder beetles
  2 centaur warriors (D:14)
  A tengu warrior (D:13)
  3 skeletal warriors (D:11)
  A manticore (D:12)
  3 cyclopes (D:12)
  8 ugly things
  A guardian serpent (D:12)
  4 gargoyles
  A kobold demonologist (D:12)
  2 unseen horrors
  A komodo dragon (D:12)
  A tengu conjurer (D:13)
  4 trolls
  A snapping turtle (shapeshifter) (D:14)
  8 slime creatures
  3 shadows
  3 wraiths
  26 yaks
  3 vampires
  3 wyverns (D:8)
  2 basilisks (D:8)
  8 vampire mosquitoes (D:12)
  Edmund (D:4)
  3 swamp worms (D:14)
  4 water moccasins
  2 acid dragons
  7 orc warriors
  A sky beast (D:7)
  An ice beast (D:7)
  4 ogres
  9 centaurs
  3 kobold brigands
  A phantom (D:7)
  4 scorpions
  2 gnoll sergeants
  4 bullfrogs
  3 wights (D:9)
  9 killer bees
  4 howler monkeys
  3 hounds
  A gnoll bouda (D:5)
  10 orc priests
  An iguana (D:4)
  6 orc wizards
  14 gnolls
  3 adders
  A shadow imp (D:5)
  2 white imps (D:6)
  3 ufetubi (D:6)
  A worm (D:2)
  A dart slug (D:1)
  90 orcs
  6 endoplasms
  2 giant cockroaches
  3 hobgoblins
  2 jackals (D:4)
  3 quokkas
  3 ball pythons
  8 bats
  6 frilled lizards
  6 goblins
  21 kobolds
  6 rats
  2 bushes (D:8)
366 creatures vanquished.

Vanquished Creatures (collateral kills)
  An unseen horror (D:12)
  3 yaks (D:12)
4 creatures vanquished.

Vanquished Creatures (others)
  An efreet (D:12)
  A fungus (D:8)
  23 plants
25 creatures vanquished.

Grand Total: 395 creatures vanquished

Notes
Turn   | Place    | Note
-------+----------+-------------------------------------------
     0 | D:1      | bearlyready the Armataur Berserker began the quest for the
                  | Orb.
     0 | D:1      | Reached XP level 1. HP: 19/19 MP: 1/1
   292 | D:1      | Reached skill level 3 in Axes
   292 | D:1      | Reached XP level 2. HP: 23/26 MP: 2/2
   412 | D:1      | Found Piackeer's Distillery.
   881 | D:1      | Reached XP level 3. HP: 28/32 MP: 3/3
  1129 | D:2      | Reached ** piety under Trog
  1554 | D:2      | Reached skill level 4 in Axes
  1749 | D:3      | Found a faded altar of an unknown god.
  1763 | D:3      | Identified the +5 spear "Hiahih" {heavy, rC+}
  1792 | D:3      | Reached XP level 4. HP: 39/39 MP: 4/4
  2388 | D:4      | Reached XP level 5. HP: 25/44 MP: 5/5
  2489 | D:4      | Noticed an ogre
  2495 | D:4      | Gained mutation: You are weak. (Str -2) [potion of
                  | mutation]
  2495 | D:4      | Gained mutation: You are agile. (Dex +4, Str/Int -1)
                  | [potion of mutation]
  2495 | D:4      | Gained mutation: Your mind is acute. (Int +4, Str/Dex -1)
                  | [potion of mutation]
  2500 | D:4      | Killed an ogre
  2501 | D:4      | Reached skill level 5 in Axes
  2832 | D:4      | Noticed Edmund
  2850 | D:4      | Killed Edmund
  2851 | D:4      | Reached XP level 6. HP: 53/53 MP: 6/6
  2946 | D:4      | Reached skill level 6 in Axes
  2957 | D:4      | Found a bloodstained altar of Trog.
  3418 | D:5      | Entered Level 5 of the Dungeon
  3437 | D:5      | Reached *** piety under Trog
  3541 | D:5      | Reached XP level 7. HP: 57/59 MP: 7/7
  3654 | D:5      | Reached skill level 7 in Axes
  3736 | D:5      | Found a staircase to the Ecumenical Temple.
  4170 | D:5      | Reached skill level 8 in Axes
  4202 | D:5      | Reached XP level 8. HP: 63/66 MP: 8/8
  4509 | D:6      | Found Abyotof's Book Boutique.
  4761 | D:6      | Found Taez's Weapon Shoppe.
  4777 | D:6      | Found Irewneur's Book Boutique.
  4934 | D:6      | Found Feum Jio's Weapon Boutique.
  4943 | D:6      | Identified the ring of Ratum {EV+5 Int+3}
  5206 | D:7      | Reached skill level 9 in Axes
  5312 | D:7      | Reached skill level 10 in Axes
  5701 | D:7      | Identified the +0 robe of the Wumpus {SInv}
  5765 | D:7      | Reached XP level 9. HP: 66/72 MP: 9/9
  6156 | D:8      | Reached skill level 11 in Axes
  6161 | D:8      | Reached **** piety under Trog
  6285 | D:8      | Found a staircase to the Lair.
  6296 | D:8      | Reached skill level 12 in Axes
  6482 | D:8      | Reached XP level 10. HP: 57/79 MP: 10/10
  6893 | D:8      | Found a shimmering blue altar of Sif Muna.
  7090 | D:8      | Reached skill level 13 in Axes
  7708 | D:9      | Reached ***** piety under Trog
  7913 | D:9      | Found an opulent altar of Gozag.
  7987 | D:9      | Found an ornate altar of the Wu Jian Council.
  8155 | D:10     | Entered Level 10 of the Dungeon
  8325 | D:10     | Noticed a gargoyle
  8330 | D:10     | Killed a gargoyle
  8343 | D:10     | Reached skill level 14 in Axes
  8360 | D:10     | Reached skill level 1 in Evocations
  8365 | D:10     | Reached skill level 1 in Throwing
  8372 | D:10     | Reached XP level 11. HP: 67/87 MP: 11/11
  9329 | D:11     | Found a staircase to the Orcish Mines.
  9343 | D:11     | Noticed a two-headed ogre
  9354 | D:11     | Noticed a boulder beetle
  9725 | D:11     | Noticed a two-headed ogre
  9746 | D:11     | Killed a two-headed ogre
  9750 | D:11     | Identified the +4 quarterstaff of Vengeance {heavy, rF+
                  | Dex+3}
  9808 | D:11     | Noticed a skeletal warrior
  9840 | D:11     | HP: 2/89 [skeletal warrior/+0 halberd (17)]
  9842 | D:11     | Killed a skeletal warrior
 10162 | D:11     | Killed a two-headed ogre
 10174 | D:11     | Noticed a skeletal warrior
 10187 | D:11     | Killed a skeletal warrior
 10188 | D:11     | Reached skill level 5 in Fighting
 10244 | D:11     | Noticed a skeletal warrior
 10256 | D:11     | HP: 2/92 [skeletal warrior/+0 dire flail (17)]
 10259 | D:11     | Killed a skeletal warrior
 10532 | D:11     | Noticed a cyan ugly thing
 10543 | D:11     | Killed a cyan ugly thing
 10760 | D:11     | Killed a boulder beetle
 11064 | D:12     | Noticed a two-headed ogre
 11069 | D:12     | Killed a two-headed ogre
 11228 | D:12     | Noticed Rupert
 11232 | D:12     | Received a gift from Trog
 11233 | D:12     | Reached XP level 12. HP: 65/102 MP: 12/12
 11237 | D:12     | Reached skill level 5 in Armour
 11245 | D:12     | Killed Rupert
 11469 | D:12     | Reached skill level 15 in Axes
 11581 | D:12     | Noticed a two-headed ogre
 11592 | D:12     | Noticed a boulder beetle
 11599 | D:12     | Killed a two-headed ogre
 11629 | D:12     | Killed a boulder beetle
 12150 | D:12     | Noticed a boulder beetle
 12169 | D:12     | Killed a boulder beetle
 12185 | D:12     | HP: 6/162 [gargoyle/+2 morningstar of holy wrath (19)]
 13195 | D:13     | Noticed a tengu warrior
 13207 | D:13     | Killed a tengu warrior
 13218 | D:13     | Noticed a seven-headed hydra
 13236 | D:13     | Noticed a catoblepas
 13590 | D:13     | Noticed a two-headed ogre
 13590 | D:13     | Noticed a two-headed ogre
 13591 | D:13     | Noticed an ogre mage
 13676 | D:13     | Killed an ogre mage
 13677 | D:13     | Reached XP level 13. HP: 115/115 MP: 13/13
 13678 | D:13     | Found a gate to the Vaults.
 13847 | D:13     | You fall into a shaft and drop 1 floor!
 14298 | D:14     | Reached skill level 10 in Armour
 14298 | D:14     | Slain by a demonic crawler

Illustrated notes

Levels and vault maps discovered:
D:1:      dpeg_arrival_arbitrary_a, layout_basic, serial_shops,
          nicolae_shop_waterfront, lexackson_kobold_supper
D:2:      layout_loops_ring
D:3:      layout_rooms, dreamdust_ecumenical_altar_statues
D:4:      layout_loops_corners, bloody_trog, uniq_edmund
D:5:      layout_loops_corners, minmay_temple_entry_stoned_glass
D:6:      layout_rooms, serial_shops, nicolae_diamond_shop,
          nicolae_take_the_stairs, nicolae_lakefront_shop,
          nicolae_shop_competitors_out_of_business
D:7:      layout_loops_ring
D:8:      layout_loops_cross, mainiacjoe_overflow_six_doors_small,
          minmay_lair_entry_grove
D:9:      layout_loops_cross, kennysheep_little_box, old_standard_altar,
          special_room [special_room_orc]
D:10:     layout_long_grid
D:11:     layout_gridville, hiddenorc2_lemuel
D:12:     minmay_opposing_rooms, layout_loops_ring,
          nrook_guardian_serpent_ordinary, uniq_rupert
D:13:     layout_cave_pools, david_vaults_2, kennysheep_generic_room_14
D:14:     layout_loops_ring, ashenzari_altar_1, worms_lemuel, uniq_agnes,
          uniq_snorg

Skill      XL: |  1  2  3  4  5  6  7  8  9 10 11 12 13 |
---------------+----------------------------------------+-----
Axes           | 3 4 5 6 8 10 12 14 15 | 15.8
Evocations     | 1 3 |  3.1
Fighting       | 3 6 8 9 |  9.0
Throwing       | 1 4 |  4.0
Armour         | 4 8 10 | 10.0
Dodging        | |  1.3

Action                     |  1- 3 |  4- 6 |  7- 9 | 10-12 | 13-15 || total
---------------------------+-------+-------+-------+-------+-------++-------
  Melee: Hand axe          |   124 |    40 |       |       |       ||   164
         Tailslap          |     4 |    16 |    27 |    82 |    19 ||   148
         War axe           |       |    62 |   207 |   267 |       ||   536
         Punch             |       |       |     4 |       |       ||     4
         Battleaxe         |       |       |       |   277 |    88 ||   365
  Throw: Dart              |       |       |       |    23 |    14 ||    37
         Boomerang         |       |       |       |     7 |       ||     7
         Throwing net      |       |       |       |     1 |       ||     1
 Invoke: Berserk           |       |     2 |     2 |     4 |     2 ||    10
         Brothers in Arms  |       |       |       |     1 |       ||     1
  Evoke: Wand              |       |       |       |    21 |       ||    21
    Use: Potion            |       |     1 |       |     5 |       ||     6
         Scroll            |       |       |       |    18 |       ||    18
   Stab: Held in net/web   |       |       |       |     3 |       ||     3
 Armour: Animal skin       |    28 |       |       |       |       ||    28
         Ring mail         |    37 |     6 |       |       |       ||    43
         Scale mail        |       |    38 |     9 |       |       ||    47
         Ice dragon scales |       |       |   128 |   146 |       ||   274
         Skin              |       |       |       |    31 |       ||    31
         Acid dragon scale |       |       |       |    19 |    29 ||    48
  Dodge: Dodged            |    64 |    38 |   108 |   282 |    33 ||   525
  Block: Other             |       |       |       |    83 |    18 ||   101
         Reflection        |       |       |       |     5 |     4 ||     9

Table legend: (Time is in decaauts)
 A = Elapsed time spent in this place.
 B = Non-inter-level travel time spent in this place.
 C = Inter-level travel time spent in this place.
 D = Time resting spent in this place.
 E = Time spent auto-exploring this place.
 F = Levels seen in this place.
 G = Mean time per level.
                   A        B        C        D        E       F      G
               +--------+--------+--------+--------+--------+-----+--------+
         Total |  14515 |  13954 |    561 |    929 |  10488 |  14 | 1036.8 |
       Dungeon |  14515 |  13954 |    561 |    929 |  10488 |  14 | 1036.8 |
               +--------+--------+--------+--------+--------+-----+--------+

Top non-repeatable levels by time:
    D:12: 2556 daAuts
    D:11: 1921 daAuts
     D:8: 1242 daAuts
     D:4: 1231 daAuts
     D:5: 1086 daAuts
     D:1: 1042 daAuts
    D:10: 1010 daAuts
     D:7: 938 daAuts
     D:9: 879 daAuts
     D:6: 721 daAuts
     D:2: 719 daAuts
     D:3: 467 daAuts
    D:14: 447 daAuts
    D:13: 249 daAuts
